[Event "Titled Tuesday Blitz August 09 Late 2022"]
[White "Dounis, Alexandros"]
[Black "Paravyan, David"]
[WhiteFideId "4213238"]
[BlackFideId "4194985"]
[WhiteElo "2204"]
[BlackElo "2569"]
[Result "0-1"]
[Round "08"]
[TimeControl "180+1"]
[Date "2022.08.09"]
[WhiteClock "0:00:03"]
[BlackClock "0:01:37"]

1. Nf3 Nf6 2. g3 g6 3. Bg2 Bg7 4. O-O O-O 5. d4 d5 6. c4 c6 7. Qb3 Qb6 8. Nc3 Be6 9. Ng5 Bf5 10. cxd5 cxd5 11. Nxd5 Nxd5 12. Bxd5 Qxb3 13. axb3 Nc6 14. e3 e6 15. Bg2 Bd3 16. Rd1 Bc2 17. Rd2 Bxb3 18. Ra3 Bd5 19. e4 Bc4 20. d5 exd5 21. exd5 Nd4 22. Ra4 b5 23. Rxc4 bxc4 24. Nf3 Nb3 25. Rc2 Rfd8 26. Rxc4 Rac8 27. Rxc8 Rxc8 28. Be3 a5 29. h4 Bxb2 30. d6 Rd8 31. Bf4 Ba3 0-1


[Site "https://www.chess.com"]

[Event "Titled Tuesday Blitz August 09 Late 2022"]
[White "Fiorito, Joaquin"]
[Black "Romanchuk, Viktor"]
[WhiteFideId "180173"]
[BlackFideId "14109271"]
[WhiteElo "1758"]
[BlackElo "2242"]
[Result "0-1"]
[Round "08"]
[TimeControl "180+1"]
[Date "2022.08.09"]
[WhiteClock "0:00:31"]
[BlackClock "0:01:12"]

1. e4 e6 2. d4 d5 3. Nd2 dxe4 4. Nxe4 Nd7 5. Nf3 Ngf6 6. Nxf6+ Nxf6 7. Be3 Nd5 8. Bd2 c5 9. Bb5+ Bd7 10. Qe2 cxd4 11. Nxd4 Bc5 12. Nxe6 fxe6 13. Qxe6+ Ne7 14. Bc3 Bxb5 15. Bxg7 Rg8 16. Qe5 Qd5 17. Qxd5 Nxd5 18. O-O-O O-O-O 19. Be5 Rxg2 20. Kb1 Bxf2 21. c4 Bc6 22. cxd5 Rxd5 23. Rxd5 Bxd5 24. Rc1+ Bc6 25. Ka1 Rg1 26. Rxg1 Bxg1 27. Kb1 a6 28. b3 Kd7 29. Kc2 Ke6 30. Bb8 Kf5 31. Kd3 Kg4 32. Ke2 Kh3 0-1


[Site "https://www.chess.com"]

[Event "Titled Tuesday Blitz August 09 Late 2022"]
[White "Gubajdullin, Alexei"]
[Black "Livaic, Leon"]
[WhiteFideId "4141202"]
[BlackFideId "14531534"]
[WhiteElo "2214"]
[BlackElo "2540"]
[Result "0-1"]
[Round "08"]
[TimeControl "180+1"]
[Date "2022.08.09"]
[WhiteClock "0:00:07"]
[BlackClock "0:01:18"]

1. Nf3 d5 2. g3 Bg4 3. Bg2 Nd7 4. c4 c6 5. O-O e6 6. d3 Ngf6 7. Nc3 Be7 8. Be3 O-O 9. Qb3 Qc7 10. Rac1 dxc4 11. Qxc4 Bxf3 12. Bxf3 Ne5 13. Qf4 Nxf3+ 14. Qxf3 Qa5 15. a3 Nd5 16. Ne4 Rfe8 17. Bc5 Bxc5 18. Nxc5 Qb6 19. Rc2 a5 20. Rfc1 a4 21. Qg4 Qb5 22. Qc4 Qxc4 23. Rxc4 b6 24. Nd7 Red8 25. Ne5 c5 26. d4 f6 27. Nd3 cxd4 28. Rxd4 e5 29. Rdc4 b5 30. Rc5 Rab8 31. f3 b4 32. Ra5 bxa3 33. bxa3 Ra8 34. Rcc5 Rxa5 35. Rxa5 Nc3 36. Kf2 Rb8 37. Ra7 e4 0-1


[Site "https://www.chess.com"]

[Event "Titled Tuesday Blitz August 09 Late 2022"]
[White "Hakobyan, Aram"]
[Black "Grischuk, Alexander"]
[WhiteFideId "13306677"]
[BlackFideId "4126025"]
[WhiteElo "2557"]
[BlackElo "2762"]
[Result "1-0"]
[Round "08"]
[TimeControl "180+1"]
[Date "2022.08.09"]
[WhiteClock "0:00:57"]
[BlackClock "0:00:01"]

1. e4 e6 2. d4 d5 3. exd5 exd5 4. Nf3 Nc6 5. Bd3 Bd6 6. O-O Nge7 7. Nc3 O-O 8. Nb5 Nb4 9. Nxd6 Qxd6 10. Bb5 c6 11. Ba4 Bg4 12. h3 Bh5 13. c3 Na6 14. g4 Bg6 15. Ne5 f6 16. Nxg6 Nxg6 17. Bc2 Nc7 18. f4 Rae8 19. Qf3 f5 20. gxf5 Nh4 21. Qg4 Qf6 22. Bd2 Nxf5 23. Rae1 Rxe1 24. Rxe1 Nb5 25. Re5 Nbd6 26. b3 g6 27. Bd3 Kg7 28. c4 Nh6 29. Qe2 Ndf5 30. Bc3 Rd8 31. Re6 Qf7 32. Ba5 b6 33. Qe5+ Kg8 34. Bb4 Qd7 35. cxd5 cxd5 36. Kh2 Qf7 37. Bb5 Qf8 38. Bxf8 1-0


[Site "https://www.chess.com"]

[Event "Titled Tuesday Blitz August 09 Late 2022"]
[White "Hambleton, Aman"]
[Black "Hafiz, Arif Abdul"]
[WhiteFideId "2606577"]
[BlackFideId "7104227"]
[WhiteElo "2538"]
[BlackElo "2198"]
[Result "0-1"]
[Round "08"]
[TimeControl "180+1"]
[Date "2022.08.09"]
[WhiteClock "0:00:02"]
[BlackClock "0:00:05"]

1. d4 Nf6 2. Bf4 c6 3. e3 d5 4. c4 e6 5. Nc3 Bd6 6. Nf3 Bxf4 7. exf4 O-O 8. Bd3 dxc4 9. Bxc4 Qc7 10. Qd2 Rd8 11. Bd3 b6 12. O-O Ba6 13. Bxa6 Nxa6 14. Qe2 Nb4 15. g3 Nbd5 16. Rac1 Qb7 17. Ne5 Rac8 18. Ne4 Nxe4 19. Qxe4 Nf6 20. Qe3 Rd5 21. Rc4 c5 22. Rfc1 Rcd8 23. Nf3 h6 24. h3 Qa8 25. a4 R5d6 26. b3 Nd5 27. Qe4 cxd4 28. Nxd4 Qb7 29. Nc6 Nf6 30. Qg2 Rd1+ 31. Rxd1 Rxd1+ 32. Kh2 Rb1 33. Nd4 Qxg2+ 34. Kxg2 Ne4 35. Rc8+ Kh7 36. Rc7 Rd1 37. Nb5 f5 38. Kf3 Rd3+ 39. Ke2 Rxb3 40. g4 Rb2+ 41. Ke3 Rb3+ 42. Kd4 a6 43. Na7 Rxh3 44. Ke5 Nxf2 45. gxf5 exf5 46. Nc6 Rc3 47. Kd4 Rc1 48. Ke3 Ne4 49. Kd3 a5 50. Ke3 h5 51. Kf3 h4 52. Kg2 Rc3 53. Kh2 Nf6 54. Rc8 Ng4+ 55. Kg1 h3 56. Ne7 Re3 57. Nxf5 Re1# 0-1


[Site "https://www.chess.com"]

[Event "Titled Tuesday Blitz August 09 Late 2022"]
[White "Harvey, Marcus R"]
[Black "Zhang, Eric"]
[WhiteFideId "400092"]
[BlackFideId "30907667"]
[WhiteElo "2485"]
[BlackElo "2497"]
[Result "1-0"]
[Round "08"]
[TimeControl "180+1"]
[Date "2022.08.09"]
[WhiteClock "0:00:16"]
[BlackClock "0:00:15"]

1. Nf3 Nf6 2. b3 g6 3. Bb2 Bg7 4. g3 O-O 5. Bg2 Nc6 6. O-O d5 7. e3 Bg4 8. c4 e5 9. h3 Bxf3 10. Bxf3 Qd7 11. Bg2 Rad8 12. cxd5 Nxd5 13. a3 Nb6 14. Ra2 f5 15. Ba1 e4 16. Bxg7 Qxg7 17. d4 exd3 18. Rd2 Ne5 19. f4 Nc6 20. Rxd3 Rde8 21. Nc3 Re7 22. e4 fxe4 23. Nxe4 Qb2 24. Nc5 Qxa3 25. Nxb7 Nb4 26. Rd8 Qb2 27. Rxf8+ Kxf8 28. Nc5 Re2 29. Qd8+ Kg7 30. Bf3 Rd2 31. Qxc7+ Kh6 32. Qe5 Qd4+ 33. Qxd4 Rxd4 34. g4 Rd2 35. Ne6 1-0


[Site "https://www.chess.com"]

[Event "Titled Tuesday Blitz August 09 Late 2022"]
[White "Ibarra Jerez, Jose Carlos"]
[Black "Lobanov, Sergei"]
[WhiteFideId "2226332"]
[BlackFideId "24183750"]
[WhiteElo "2628"]
[BlackElo "2524"]
[Result "0-1"]
[Round "08"]
[TimeControl "180+1"]
[Date "2022.08.09"]
[WhiteClock "0:00:02"]
[BlackClock "0:00:05"]

1. Nf3 d5 2. g3 Nf6 3. Bg2 c5 4. O-O Nc6 5. d4 cxd4 6. Nxd4 e6 7. c4 Be7 8. Nc3 O-O 9. cxd5 Nxd5 10. Nxd5 exd5 11. Be3 Bf6 12. Rc1 Bd7 13. Nxc6 bxc6 14. b3 Re8 15. Qd2 a5 16. Rfd1 a4 17. b4 a3 18. b5 cxb5 19. Qxd5 Be6 20. Qxa8 Qxa8 21. Bxa8 Rxa8 22. Bd4 Bxa2 23. Bxf6 gxf6 24. Ra1 Bc4 25. Rdb1 Bxe2 26. Rb3 a2 27. f3 Bc4 28. Rb2 Ra3 29. Kf2 Kf8 30. Rd2 b4 31. Rd4 b3 32. Rd2 Bd5 33. Rb2 Ra7 34. Ke3 Rc7 35. Kd4 Be6 36. Kd3 h5 37. h4 Kg7 38. Kd4 Rc4+ 39. Kd3 Rc5 40. Kd4 Rd5+ 41. Ke3 Rd7 42. Ke4 Kg6 43. Kf4 Rb7 44. Ke3 Bf5 45. Rg1 Bb1 46. Rgxb1 axb1=Q 47. Rxb1 Kf5 48. Kd3 b2 49. Kc3 Ke5 50. Rxb2 Rxb2 51. Kxb2 f5 52. Kc3 f4 53. g4 hxg4 54. fxg4 f3 55. Kd2 Kf4 56. h5 Kg3 57. h6 f2 58. h7 f1=Q 59. h8=Q Qf4+ 60. Kd3 Qf3+ 61. Kd4 Qxg4+ 62. Ke3 f5 63. Qe5+ f4+ 64. Kd3 Qd1+ 65. Kc4 Qf1+ 66. Kb4 Qb1+ 67. Ka5 Qg6 68. Qc3+ Kg4 69. Qe5 Qf5 0-1


[Site "https://www.chess.com"]

[Event "Titled Tuesday Blitz August 09 Late 2022"]
[White "Izoria, Zviad"]
[Black "Wagner, Dennis"]
[WhiteFideId "13601733"]
[BlackFideId "24650684"]
[WhiteElo "2626"]
[BlackElo "2355"]
[Result "0-1"]
[Round "08"]
[TimeControl "180+1"]
[Date "2022.08.09"]
[WhiteClock "0:00:01"]
[BlackClock "0:00:01"]

1. Nf3 d5 2. g3 Nc6 3. d4 Bf5 4. a3 e6 5. Bg2 Bd6 6. O-O Nf6 7. c4 dxc4 8. Nbd2 Na5 9. Nxc4 Nxc4 10. Qa4+ c6 11. Qxc4 Be4 12. Rd1 O-O 13. Bd2 a5 14. Ne5 Bxg2 15. Kxg2 a4 16. f3 Qc7 17. Nd3 Rfd8 18. e4 Be7 19. Rac1 Qb6 20. Be3 h5 21. h4 Ne8 22. Qc2 Nd6 23. Ne5 Nb5 24. Nc4 Qa6 25. Qe2 Bf6 26. Ne5 Bxe5 27. dxe5 Qa5 28. f4 Rxd1 29. Rxd1 Rd8 30. Rxd8+ Qxd8 31. Qxh5 Qd3 32. Qf3 Qc2+ 33. Qf2 Qxe4+ 34. Qf3 Qc2+ 35. Qf2 Qb3 36. Qd2 g6 37. Kf2 Kg7 38. g4 Nc7 39. f5 gxf5 40. Bh6+ Kh7 41. Qg5 Qxb2+ 42. Kf1 Qa1+ 43. Kf2 Qxe5 44. Qh5 Qd4+ 0-1


[Site "https://www.chess.com"]

[Event "Titled Tuesday Blitz August 09 Late 2022"]
[White "Kamsky, Gata"]
[Black "Galperin, Platon"]
[WhiteFideId "2000024"]
[BlackFideId "14165414"]
[WhiteElo "2666"]
[BlackElo "2435"]
[Result "1-0"]
[Round "08"]
[TimeControl "180+1"]
[Date "2022.08.09"]
[WhiteClock "0:00:28"]
[BlackClock "0:00:04"]

1. d4 e6 2. Bf4 c5 3. e3 Qb6 4. Na3 cxd4 5. Nb5 dxe3 6. Nc7+ Kd8 7. fxe3 e5 8. Nxa8 Qa5+ 9. c3 exf4 10. Qd4 fxe3 11. Nf3 Nc6 12. Qf4 Ba3 13. b4 Bxb4 14. cxb4 Nxb4 15. Qg5+ Qxg5 16. Nxg5 Nh6 17. Rc1 Nxa2 18. Ra1 Nb4 19. Rxa7 Re8 20. Nb6 Kc7 21. Nxc8 Rxc8 22. Ra4 Nc6 23. Nf3 Re8 24. Be2 Nf5 25. O-O g6 26. Rd1 Rd8 27. g4 Nh6 28. h3 f5 29. Nd4 Re8 30. Nb5+ Kb6 31. Nd6 Re7 32. Ra3 f4 33. Rb3+ Kc7 34. Rxb7+ Kd8 35. g5 Nf7 36. Nxf7+ Rxf7 37. Kg2 Ne5 38. Rf1 Rf5 39. h4 Nc6 40. Rb5 1-0


[Site "https://www.chess.com"]

[Event "Titled Tuesday Blitz August 09 Late 2022"]
[White "Kosteniuk, Alexandra"]
[Black "Demchenko, Anton"]
[WhiteFideId "4128125"]
[BlackFideId "4160258"]
[WhiteElo "2469"]
[BlackElo "2539"]
[Result "0-1"]
[Round "08"]
[TimeControl "180+1"]
[Date "2022.08.09"]
[WhiteClock "0:00:07"]
[BlackClock "0:00:06"]

1. e4 e5 2. Nf3 Nc6 3. Bc4 Nf6 4. d4 exd4 5. e5 d5 6. Bb5 Nd7 7. O-O Be7 8. Bxc6 bxc6 9. Nxd4 Nb8 10. Qf3 O-O 11. Rd1 a5 12. c4 Ra6 13. Nc3 c5 14. Nf5 d4 15. Nd5 Bxf5 16. Qxf5 Rg6 17. Nf4 Ra6 18. Rd3 Qd7 19. Qe4 Rh6 20. Rg3 Bh4 21. Rh3 Bg5 22. Rxh6 Bxh6 23. Nd3 Bxc1 24. Rxc1 Qe7 25. f4 Rd8 26. f5 Nd7 27. Re1 Qg5 28. Re2 h5 29. b3 Re8 30. Qc6 Qxf5 31. e6 Rxe6 32. Qxd7 Qxd3 33. Rxe6 fxe6 34. Qxe6+ Kh7 35. Qd5 Qb1+ 36. Kf2 Qxa2+ 37. Kg3 Qxb3+ 38. Kh4 Qe3 39. Kxh5 Qe8+ 40. Kh4 a4 41. Qxc5 Qd8+ 42. Kg4 d3 43. Qf5+ Kg8 44. Qe6+ Kh8 45. Kf3 d2 46. Qh3+ Kg8 47. Qe6+ Kf8 48. Qf5+ Qf6 49. Qxf6+ gxf6 50. Ke2 a3 51. Kxd2 a2 0-1


[Site "https://www.chess.com"]

[Event "Titled Tuesday Blitz August 09 Late 2022"]
[White "Lorenzo De La Riva, Lazaro"]
[Black "Harshavardhan G B"]
[WhiteFideId "2268809"]
[BlackFideId "25059009"]
[WhiteElo "2325"]
[BlackElo "1890"]
[Result "0-1"]
[Round "08"]
[TimeControl "180+1"]
[Date "2022.08.09"]
[WhiteClock "0:00:19"]
[BlackClock "0:00:41"]

1. d4 Nf6 2. c4 g6 3. Nc3 Bg7 4. e4 d6 5. h3 O-O 6. Be3 e5 7. d5 a5 8. g4 Na6 9. Nge2 Nd7 10. Ng3 Ndc5 11. h4 c6 12. h5 cxd5 13. cxd5 a4 14. h6 Bf6 15. Qd2 Bd7 16. f3 Qa5 17. Nb5 Nb4 18. Nc3 a3 19. b3 Rfc8 20. Rc1 Nxb3 21. axb3 a2 22. Nxa2 Nc2+ 23. Rxc2 Rxc2 24. Qxa5 Rxa5 25. Nc1 Ra1 26. Kd1 Rb2 27. Bd3 Rxb3 28. Kc2 Rba3 29. Nge2 Ba4+ 30. Kb2 Rxd3 31. Kxa1 Rxe3 32. Rh3 Bd1 33. Ng1 Re1 34. Rg3 Bg5 35. Nd3 Rf1 36. Nh3 Bh4 37. Rg1 Be2+ 38. Rxf1 Bxf1 39. Nhf2 Be2 40. Kb2 Bxf3 41. Kc3 Bg5 42. Nb2 Bxh6 43. Kd3 b5 44. Nbd1 Bf4 45. Nb2 Bg3 46. Ke3 Bxf2+ 47. Kxf3 Bd4 48. Nd3 h5 49. gxh5 gxh5 50. Kg3 f5 51. exf5 e4 52. Nb4 e3 53. Kf3 h4 54. Kg4 e2 55. Nd3 b4 56. Kf3 h3 57. Kg3 b3 58. Kxh3 b2 59. Kg2 b1=Q 0-1


[Site "https://www.chess.com"]

[Event "Titled Tuesday Blitz August 09 Late 2022"]
[White "Mahdavi, Reza"]
[Black "Blanco Ronquillo, Humberto L."]
[WhiteFideId "12595926"]
[BlackFideId "3504239"]
[WhiteElo "2226"]
[BlackElo "2425"]
[Result "1-0"]
[Round "08"]
[TimeControl "180+1"]
[Date "2022.08.09"]
[WhiteClock "0:00:07"]
[BlackClock "0:00:02"]

1. e4 c5 2. d4 cxd4 3. c3 dxc3 4. Nxc3 Nc6 5. Nf3 d6 6. Bc4 e6 7. O-O Be7 8. Qe2 Nf6 9. Rd1 e5 10. h3 O-O 11. Be3 Be6 12. Rac1 Bxc4 13. Qxc4 Rc8 14. Qb3 Qd7 15. Bg5 g6 16. Rd3 Rfd8 17. Rcd1 Ne8 18. Nd5 Bxg5 19. Nxg5 Nd4 20. Rxd4 exd4 21. Rxd4 h6 22. Nf3 b6 23. e5 Qe6 24. Re4 dxe5 25. Rxe5 Rc1+ 26. Kh2 Qd6 27. Ne3 Rc5 28. Ng4 Kg7 29. Qe3 g5 30. g3 Rxe5 31. Ngxe5 Nf6 32. Kg2 Re8 33. Qc3 Qd5 34. Ng4 Re6 35. Ne3 Qe4 36. g4 Kh7 37. Nf5 h5 38. Kg1 Kg6 39. Ng3 Qb1+ 40. Kg2 hxg4 41. hxg4 Nxg4 42. Qh8 Ne3+ 43. fxe3 Qc2+ 44. Kg1 Qd1+ 45. Kg2 Qc2+ 46. Kh3 Rxe3 47. Qh5+ Kg7 48. Qxg5+ Qg6 49. Qxe3 Qe6+ 50. Qxe6 fxe6 51. Kg4 1-0


[Site "https://www.chess.com"]

[Event "Titled Tuesday Blitz August 09 Late 2022"]
[White "Mardov, Dimitar"]
[Black "Naroditsky, Daniel"]
[WhiteFideId "30919495"]
[BlackFideId "2026961"]
[WhiteElo "2185"]
[BlackElo "2628"]
[Result "0-1"]
[Round "08"]
[TimeControl "180+1"]
[Date "2022.08.09"]
[WhiteClock "0:00:05"]
[BlackClock "0:00:05"]

1. d4 Nf6 2. c4 d6 3. Nc3 Bf5 4. g3 c6 5. Bg2 e5 6. Nf3 Nbd7 7. O-O h6 8. b3 Be7 9. Bb2 O-O 10. d5 Qc7 11. Nd2 Bh7 12. Rc1 a5 13. Ba3 Rfd8 14. Nde4 Nxe4 15. Nxe4 c5 16. Nc3 Nf6 17. Bb2 Qd7 18. a3 Ne8 19. e4 Nc7 20. a4 Bg5 21. f4 exf4 22. gxf4 Bf6 23. e5 dxe5 24. Ne4 Bxe4 25. Bxe4 Qe7 26. Qg4 Rd6 27. Rce1 Kh8 28. Bb1 e4 29. Rxe4 Qd8 30. Be5 Bxe5 31. Rxe5 Ne8 32. Qf5 Rg6+ 33. Kh1 Nd6 34. Qh3 Rf6 35. Qg3 g6 36. f5 g5 37. h4 Qg8 38. Re7 gxh4 39. Qxh4 Qg5 40. Qxg5 hxg5 41. Kg2 Kg7 42. Rh1 Re8 43. Rhe1 Rh8 44. Rh1 Re8 45. Rhe1 Rh8 46. Rh1 Rxh1 47. Kxh1 b6 48. Kg2 Nxf5 49. Bxf5 Rxf5 50. d6 Rf4 51. Rb7 Rd4 52. Rxb6 f5 53. Rb5 Rd2+ 54. Kf3 Kf6 55. Rxc5 Rxd6 56. Rd5 Rxd5 57. cxd5 Ke5 58. Ke3 Kxd5 59. Kd3 Kc5 60. Kc3 g4 0-1


[Site "https://www.chess.com"]

[Event "Titled Tuesday Blitz August 09 Late 2022"]
[White "Matinian, Nikita"]
[Black "Vasquez Schroeder, Rodrigo"]
[WhiteFideId "24129100"]
[BlackFideId "3400042"]
[WhiteElo "2422"]
[BlackElo "2567"]
[Result "1-0"]
[Round "08"]
[TimeControl "180+1"]
[Date "2022.08.09"]
[WhiteClock "0:00:11"]
[BlackClock "0:00:03"]

1. e4 c5 2. Nf3 d6 3. Bb5+ Nd7 4. d4 cxd4 5. Nxd4 Nf6 6. O-O a6 7. Bd3 b6 8. c4 Bb7 9. Nc3 e6 10. f3 Be7 11. Be3 O-O 12. Kh1 Qc7 13. Rc1 Rac8 14. Qe1 Qb8 15. Qg3 Ne5 16. Be2 Nxc4 17. Bh6 Ne8 18. b3 Ne5 19. f4 Ng6 20. Bg5 Bxg5 21. Qxg5 Nf6 22. f5 exf5 23. exf5 Ne5 24. Qg3 Rfe8 25. h3 h6 26. a4 Rc5 27. b4 Rcc8 28. Rf4 Qc7 29. Kh2 Qe7 30. b5 a5 31. Rh4 d5 32. Rxh6 Rxc3 33. Rxc3 Ne4 34. f6 Nxg3 35. fxe7 Nxe2 36. Rxb6 Nxc3 37. Rxb7 Nxa4 38. Nc6 Nc5 39. Rb8 Rxb8 40. Nxb8 1-0


[Site "https://www.chess.com"]

[Event "Titled Tuesday Blitz August 09 Late 2022"]
[White "Navarrete Mendez, Gonzalo Alberto"]
[Black "Csonka, Balazs"]
[WhiteFideId "5106850"]
[BlackFideId "742910"]
[WhiteElo "2261"]
[BlackElo "2404"]
[Result "1/2-1/2"]
[Round "08"]
[TimeControl "180+1"]
[Date "2022.08.09"]
[WhiteClock "0:01:51"]
[BlackClock "0:01:04"]

1. e4 e5 2. Nf3 Nc6 3. Bb5 Nf6 4. Nc3 Bc5 5. O-O O-O 6. Nxe5 Nxe5 7. d4 Bd6 8. dxe5 Bxe5 9. Bd3 Re8 10. Bg5 h6 11. Bh4 Qe7 12. f4 Bxc3 13. bxc3 Qc5+ 14. Bf2 Qxc3 15. e5 Nd5 16. Qf3 c6 17. Qe4 Nf6 18. Qf3 Nd5 19. Qe4 Nf6 20. Qf3 Nd5 1/2-1/2


[Site "https://www.chess.com"]

[Event "Titled Tuesday Blitz August 09 Late 2022"]
[White "Papasimakopoulos, Alexandros"]
[Black "Yurasova, Daria"]
[WhiteFideId "4244125"]
[BlackFideId "34146919"]
[WhiteElo "2357"]
[BlackElo "2021"]
[Result "1-0"]
[Round "08"]
[TimeControl "180+1"]
[Date "2022.08.09"]
[WhiteClock "0:01:55"]
[BlackClock "0:00:07"]

1. d4 d5 2. c4 c6 3. cxd5 cxd5 4. Bf4 Nc6 5. e3 Nf6 6. Nc3 Bf5 7. Qb3 Na5 8. Qa4+ Nc6 9. Bb5 Qb6 10. Nf3 e6 11. Ne5 Rc8 12. O-O Be7 13. Rfc1 O-O 14. Nxc6 bxc6 15. Ba6 Rcd8 16. b3 c5 17. Nb5 Rd7 18. dxc5 Bxc5 19. b4 Bxb4 20. Qxb4 Qxa6 21. Nd4 Bg6 22. h3 h6 23. Rc6 Qb7 24. Qa5 Ne4 25. Rac1 Qb2 26. R6c2 Qb7 27. f3 Nf6 28. Kh2 Bxc2 29. Rxc2 Rc8 30. Rd2 Qb6 31. Qa4 Rdd8 32. Be5 Nd7 33. Bg3 Nc5 34. Qd1 Re8 35. Qe2 Qd8 36. Rb2 Qf6 37. Nb5 e5 38. Nxa7 Ra8 39. Nb5 Reb8 40. Rd2 Qc6 41. Nc3 Nb3 42. Nxd5 Qe6 43. axb3 Rd8 44. Nc7 Rxd2 45. Qxd2 Qc6 46. Nxa8 Qxa8 47. Bxe5 Qe8 48. Qd6 f6 49. Qb8 1-0


[Site "https://www.chess.com"]

[Event "Titled Tuesday Blitz August 09 Late 2022"]
[White "Pinheiro, Iung Alicio de O."]
[Black "Graif, William"]
[WhiteFideId "2104350"]
[BlackFideId "2609835"]
[WhiteElo "2283"]
[BlackElo "1942"]
[Result "1-0"]
[Round "08"]
[TimeControl "180+1"]
[Date "2022.08.09"]
[WhiteClock "0:00:19"]
[BlackClock "0:00:02"]

1. e4 e5 2. Bc4 Bc5 3. Qh5 Qe7 4. Nc3 Nf6 5. Qf3 Nc6 6. Nge2 Nd4 7. Nxd4 Bxd4 8. d3 c6 9. h3 d6 10. Bb3 Be6 11. Ne2 Bb6 12. Ng3 g6 13. Bg5 Bd8 14. O-O h6 15. Bd2 Bb6 16. Be3 O-O-O 17. Bxb6 axb6 18. Qe3 Kc7 19. f4 Nd7 20. f5 Bxb3 21. axb3 g5 22. c3 h5 23. f6 Qe6 24. Qxg5 Rdg8 25. Qh4 Rg6 26. Rf2 Rhg8 27. Nf5 Nxf6 28. Raf1 Nd7 29. b4 d5 30. Ne3 d4 31. cxd4 exd4 32. Qf4+ Ne5 33. Nc4 f6 34. Kh2 b5 35. Nxe5 fxe5 36. Qf7+ Qxf7 37. Rxf7+ Kb6 38. R1f2 R8g7 39. R7f5 Rg5 40. Rxg5 Rxg5 41. g3 c5 42. bxc5+ Kxc5 43. Rf5 Rxf5 44. exf5 e4 45. f6 Kd6 46. Kg2 1-0


[Site "https://www.chess.com"]

[Event "Titled Tuesday Blitz August 09 Late 2022"]
[White "Premnath, R."]
[Black "Bjelobrk, Igor"]
[WhiteFideId "5021928"]
[BlackFideId "4300726"]
[WhiteElo "2509"]
[BlackElo "2335"]
[Result "0-1"]
[Round "08"]
[TimeControl "180+1"]
[Date "2022.08.09"]
[WhiteClock "0:00:01"]
[BlackClock "0:00:23"]

1. d4 d5 2. c4 c6 3. Nc3 Nf6 4. Nf3 dxc4 5. a4 a5 6. e3 Bg4 7. Bxc4 e6 8. O-O Nbd7 9. h3 Bh5 10. e4 Bb4 11. e5 Nd5 12. Nxd5 cxd5 13. Bd3 O-O 14. Qe2 Rc8 15. Bf4 Nb8 16. Qe3 Nc6 17. Rfc1 Qb6 18. g4 Bg6 19. h4 Be7 20. h5 Bxd3 21. Qxd3 Nb4 22. Qd2 Rc6 23. Rxc6 Qxc6 24. Rc1 Qxa4 25. Rc7 Bd8 26. Rxb7 Qc6 27. Rb8 Be7 28. Rxf8+ Bxf8 29. h6 g6 30. Kg2 Qc4 31. Bg5 a4 32. Bf6 Qc2 33. Bg5 Qe4 34. Kg3 Nd3 35. Be3 Bb4 36. Qd1 Nxb2 37. Qc1 Nc4 38. Ng5 Qd3 39. Nf3 a3 40. Qa1 Qb3 41. Qf1 a2 0-1


[Site "https://www.chess.com"]

[Event "Titled Tuesday Blitz August 09 Late 2022"]
[White "Pulpan, Jakub"]
[Black "Zhigalko, Sergei"]
[WhiteFideId "302759"]
[BlackFideId "13502956"]
[WhiteElo "2451"]
[BlackElo "2662"]
[Result "1-0"]
[Round "08"]
[TimeControl "180+1"]
[Date "2022.08.09"]
[WhiteClock "0:00:37"]
[BlackClock "0:00:03"]

1. Nf3 d5 2. d4 e6 3. c4 c6 4. b3 Nf6 5. e3 Bd6 6. Bd3 O-O 7. Nbd2 Nbd7 8. O-O e5 9. cxd5 cxd5 10. dxe5 Nxe5 11. Be2 Nc6 12. Bb2 Re8 13. Nd4 Bd7 14. Rc1 Rc8 15. N2f3 Bb8 16. Nxc6 Rxc6 17. Rxc6 bxc6 18. Qc2 Ne4 19. Bd3 Bg4 20. Nd2 Qd6 21. g3 Ng5 22. Bf5 h5 23. Bxg4 hxg4 24. Qf5 Nh3+ 25. Kg2 Qe6 26. Qxe6 Rxe6 27. Rc1 Ng5 28. b4 a6 29. a4 Kh7 30. Nb3 Ne4 31. Rc2 Ba7 32. Bd4 Bb8 33. Bb2 Ba7 34. Bd4 Bb8 35. h3 gxh3+ 36. Kxh3 f5 37. Bb2 Ba7 38. Bd4 Bb8 39. Kg2 g5 40. Bb2 Ba7 41. Bd4 Bb8 42. Bb6 Be5 43. Nc5 Nxc5 44. Rxc5 f4 45. Ra5 fxg3 46. fxg3 g4 47. Rxa6 Rf6 48. Bd4 Bxd4 49. exd4 Re6 50. b5 Re2+ 51. Kf1 Re3 52. Rxc6 Rxg3 53. a5 Rb3 54. Rb6 g3 55. a6 Ra3 56. Kg2 Kg7 57. Kh3 Kf7 58. Rb7+ Kf6 59. a7 Kg5 60. b6 Kf4 61. Rf7+ Ke4 62. Rf8 g2+ 63. Kxg2 Ra2+ 64. Kg3 Rxa7 65. bxa7 1-0


[Site "https://www.chess.com"]

[Event "Titled Tuesday Blitz August 09 Late 2022"]
[White "Riehle, Marco"]
[Black "Voege, Tobias"]
[WhiteFideId "12904392"]
[BlackFideId "1270513"]
[WhiteElo "2462"]
[BlackElo "2360"]
[Result "0-1"]
[Round "08"]
[TimeControl "180+1"]
[Date "2022.08.09"]
[WhiteClock "0:00:09"]
[BlackClock "0:00:03"]

1. e4 c5 2. a3 g6 3. h4 h5 4. Bc4 Nc6 5. Nc3 Bg7 6. d3 e6 7. Bg5 Nge7 8. Qd2 a6 9. Nge2 b5 10. Bb3 Qc7 11. O-O-O d6 12. f4 f6 13. f5 fxg5 14. fxe6 Nd4 15. Nxd4 cxd4 16. Nd5 Nxd5 17. Bxd5 Bb7 18. hxg5 Bxd5 19. exd5 Rf8 20. Kb1 O-O-O 21. Rhe1 Be5 22. Re2 Rf5 23. a4 Kb7 24. Qb4 Qb6 25. Rde1 bxa4 26. Qxa4 Qb5 27. Qa2 Re8 28. Re4 Bg3 29. Rd1 Qxd5 30. c4 Qc5 31. Qa4 Re7 32. b4 Qb6 33. Kc2 Be5 34. Rb1 Rf2+ 35. Kb3 Kc7 36. Ra1 Rxe6 37. Qxa6 Qxa6 38. Rxa6 Rxg2 39. c5 Re7 40. Kc4 Kd7 41. Kd5 Rxg5 42. c6+ Ke8 43. Ra8+ Kf7 44. b5 Bg3+ 45. Kc4 Rc5+ 46. Kxd4 Bf2+ 47. Re3 Bxe3# 0-1


[Site "https://www.chess.com"]

[Event "Titled Tuesday Blitz August 09 Late 2022"]
[White "Rustemov, Alexander"]
[Black "Ekdyshman, Mikhail"]
[WhiteFideId "4119002"]
[BlackFideId "4149416"]
[WhiteElo "2784"]
[BlackElo "2146"]
[Result "0-1"]
[Round "08"]
[TimeControl "180+1"]
[Date "2022.08.09"]
[WhiteClock "0:01:05"]
[BlackClock "0:00:34"]

1. d4 Nf6 2. c4 c5 3. d5 b5 4. cxb5 a6 5. e3 axb5 6. Bxb5 Qa5+ 7. Nc3 Bb7 8. Bd2 e6 9. Nf3 Qb6 10. dxe6 fxe6 11. O-O Be7 12. a4 O-O 13. Qe2 Qc7 14. e4 Ng4 15. g3 Nc6 16. Bxc6 Bxc6 17. h3 Ne5 18. Nxe5 Qxe5 19. f4 Qf6 20. Kh2 Qg6 21. g4 Rab8 22. Rab1 Rb4 23. f5 exf5 24. exf5 Bd6+ 25. Kg1 Qf6 26. Qf2 Be5 27. Bf4 Rxf4 28. Qxf4 Bxf4 29. Rxf4 Qh6 30. Ne2 Qxh3 31. Kf2 Qh2+ 32. Ke1 Re8 33. Rf2 Qh1+ 34. Rf1 Qe4 0-1


[Site "https://www.chess.com"]

[Event "Titled Tuesday Blitz August 09 Late 2022"]
[White "Salem, A.R. Saleh"]
[Black "Goltsev, Dmitry"]
[WhiteFideId "9301348"]
[BlackFideId "24176710"]
[WhiteElo "2674"]
[BlackElo "2258"]
[Result "1-0"]
[Round "08"]
[TimeControl "180+1"]
[Date "2022.08.09"]
[WhiteClock "0:00:54"]
[BlackClock "0:00:02"]

1. d4 Nf6 2. c4 e6 3. Nc3 Bb4 4. a3 Bxc3+ 5. bxc3 b6 6. f3 Bb7 7. e4 d6 8. Bd3 Nbd7 9. Ne2 e5 10. O-O a5 11. Ng3 O-O 12. Nf5 Re8 13. Bg5 h6 14. Bh4 Nf8 15. Qd2 Ng6 16. Bg3 Bc8 17. Ne3 Nf4 18. Rfd1 g5 19. Bf1 Qe7 20. Rab1 Be6 21. Bf2 Red8 22. Qc2 Bd7 23. Kh1 Kh8 24. Re1 Rg8 25. Nf5 Qf8 26. g3 Ng6 27. Qd2 Rd8 28. Bd3 Kh7 29. Be3 Bxf5 30. exf5 Ne7 31. Bc2 g4 32. fxg4 Rxg4 33. Rbd1 e4 34. Rf1 Qg7 35. Rde1 d5 36. Bd1 Rg5 37. Bf4 Rd7 38. Ba4 c6 39. cxd5 Rxd5 40. Be5 b5 41. Bb3 Rd7 42. Bc2 Nxf5 43. Qf4 Qg6 44. Bxf6 Qxf6 45. Bxe4 Rd5 46. Bxd5 cxd5 47. g4 Qg6 48. gxf5 Qh5 49. Rg1 1-0


[Site "https://www.chess.com"]